 Dungeon Sprint DCSS version 0.27.1 (webtiles) character file.

Game seed: 12295689385948640737

7380 styxcanada the Imperceptible (level 10, -21/55 HPs)
             Began as a Spriggan Brigand on Aug 31, 2021.
             Was an Initiate of Gozag.
             Demolished by a spriggan defender (30 damage)
             ... in the Dungeon (Sprint IV: "Fedhas' Mad Dash").
             The game lasted 00:12:42 (1224 turns).

styxcanada the Imperceptible (Spriggan Brigand)     Turns: 1224, Time: 00:12:45

Health: -21/55     AC:  5    Str: 13    XL:     10   Next: 92%
Magic:  15/15      EV: 26    Int: 12    God:    Gozag
Gold:   1758       SH:  8    Dex: 21    Spells: 12/14 levels left

rFire    . . .     SeeInvis +   u - +1 dagger (venom)
rCold    + . .     Faith    .   p - +0 buckler
rNeg     . . .     Spirit   .   A - +2 robe {rC+}
rPois    .         Reflect  .   n - +0 hat
rElec    .         Harm     .   c - +0 cloak
rCorr    .         Rampage  .   (gloves unavailable)
Will     +....     NoTele   +   (boots unavailable)
Stlth    +++++++++.             j - amulet of invisibility {+Inv}
HPRegen  0.18/turn              r - +6 ring of strength
MPRegen  0.14/turn              (no ring)

@: lethally poisoned (-21 -> -36), very slightly contaminated, invisible
(expiring), very quick
A: very small, no large weapons, unfitting armour, see invisible, speed 3
a: Renounce Religion, Evoke Invisibility, Potion Petition, Call Merchant, Bribe
Branch


You were in the Dungeon.
You worshipped Gozag.
Gozag was most pleased with you.
You visited 1 branch You collected 2525 gold pieces.
You spent 767 gold pieces at shops.

Inventory:

Hand Weapons
 a - a +2 dagger
 o - a +3 dagger
 u - a +1 dagger of venom (weapon)
Missiles
 d - 3 poisoned darts (quivered)
 e - 2 curare-tipped darts
 l - 17 sling bullets
 m - 48 stones
Armour
 c - a +0 cloak (worn)
 n - a +0 hat (worn)
 p - a +0 buckler (worn)
 q - a +1 robe of positive energy
 A - a +2 robe of cold resistance (worn)
Jewellery
 j - the amulet of invisibility (around neck) {+Inv}
   (You found it in the Dungeon)

   [amulet of nothing]

   +Inv:      It lets you turn invisible.
 r - a +6 ring of strength (left hand)
 y - an amulet of guardian spirit
Scrolls
 k - a scroll of blinking
 s - a scroll of immolation
 w - a scroll of summoning
 z - a scroll of vulnerability
Potions
 b - a potion of attraction {unknown}
 f - 4 potions of curing
 g - 3 potions of heal wounds
 h - a potion of haste
 i - 2 potions of magic
 t - a potion of flight
Miscellaneous
 x - a condenser vane


   Skills:
 * Level 7.5 Fighting
 + Level 5.3 Short Blades
 + Level 4.7 Throwing
 * Level 11.0 Dodging
 * Level 24.8 Stealth
 * Level 5.5 Shields
 * Level 2.8 Spellcasting
 * Level 2.1 Air Magic
 * Level 2.3 Poison Magic
 * Level 13.9 Evocations


You had 12 spell levels left.
You knew the following spells:

 Your Spells              Type           Power      Damage    Failure   Level
a - Poisonous Vapours     Pois/Air       14%        N/A       17%         2

Your spell library contained the following spells:

 Spells                   Type           Power      Damage    Failure   Level
 Shock                    Conj/Air       16%        1d4       19%         1
 Swiftness                Air            6%         N/A       34%         3
 Inner Flame              Hex/Fire       1%         N/A       63%         3
 Airstrike                Air            3%         N/A       75%         4
 Starburst                Conj/Fire      0%         6d3       100%        6
 Fire Storm               Conj/Fire      0%         6d1       100%        9


Dungeon Overview and Level Annotations

Branches:
Dungeon (1/1)

Altars:
Cheibriados
Dithmenos
Elyvilon
Gozag
Hepliaklqana
Kikubaaqudgha
Makhleb
Nemelex Xobeh
Okawaru
Qazlal
Ru
Sif Muna
Trog
Uskayaw
Vehumet
Wu Jian
Xom
Yredelemnul
Zin
The Shining One
Beogh
Jiyva
Lugonu

Shops:
D *((*!?[!


Innate Abilities, Weirdness & Mutations

You are very small and have problems with some larger weapons.
You are too small for most types of armour.
You have supernaturally acute eyesight. (SInv)
You cover ground extremely quickly. (Speed+++)


Message History

The spriggan defender hits you with a +0 demon whip of venom!
You are poisoned.
You feel sick.
Throw: 7 darts (poison)
Press: ? - help, Q - select action, (/) - cycle Shift-Dir - straight line, f/p - spriggan defender
Aim: a spriggan defender, wielding a +0 demon whip of venom, wearing a +0 robe and wearing a +0 buckler (32% to hit)
You throw a poisoned dart.
The spriggan defender blocks the poisoned dart.
You feel sick. The spriggan defender misses you.
Throw: 6 darts (poison)
Press: ? - help, Q - select action, (/) - cycle Shift-Dir - straight line, f/p - spriggan defender
Aim: a spriggan defender, wielding a +0 demon whip of venom, wearing a +0 robe and wearing a +0 buckler (32% to hit)
You throw a poisoned dart.
The spriggan defender blocks the poisoned dart.
You feel sick.
You block the spriggan defender's attack.
Throw: 5 darts (poison)
Press: ? - help, Q - select action, (/) - cycle Shift-Dir - straight line, f/p - spriggan defender
Aim: a spriggan defender, wielding a +0 demon whip of venom, wearing a +0 robe and wearing a +0 buckler (32% to hit)
You throw a poisoned dart.
The poisoned dart closely misses the spriggan defender.
You feel sick.
The spriggan defender completely misses you.
You block the spriggan defender's attack.
You feel better.
You flicker for a moment.
You block the spriggan defender's attack.
Throw: 4 darts (poison)
Press: ? - help, Q - select action, (/) - cycle Shift-Dir - straight line, f/p - spriggan defender
Aim: a spriggan defender, wielding a +0 demon whip of venom, wearing a +0 robe and wearing a +0 buckler (32% to hit)
You throw a poisoned dart.
The poisoned dart misses the spriggan defender.
The spriggan defender hits you with a +0 demon whip of venom!!
Ouch! That really hurt!
* * * LOW HITPOINT WARNING * * *
You are lethally poisoned!
The spriggan defender hits you with a +0 demon whip of venom!!
Ouch! That really hurt!
You die...
Your body crumbles into a pile of gold.

_._._._._..#.)##∩∩.'...#####....#
._._._._.⌠.#################...∩#
################.....[###..!..♣.#
♣♣♣..♣)###.'.)'......)'.[.).♣..∩#
...♣..♣##..#..#.P.....###########
♣♣♣.♣).###.##'##.P....#
.)♣...♣'...#♣.♣########
############)....####
###..♣..♣@i((###
#####.).♣......♣...♣###
..........♣.....∩.∩...)#
...##################### # $$$


You could see a spriggan defender.

Vanquished Creatures
  Agnes (D)
  A spriggan berserker (D)
  A spriggan druid (D)
  6 oklob plants (D)
  A demonic crawler (D)
  3 wandering mushrooms (D)
  A queen bee (D)
  3 burning bushes (D)
  A hornet (D)
  3 scorpions (D)
  4 killer bees (D)
  5 oklob saplings (D)
  5 spriggans (D)
  A river rat (D)
  A rat (D)
  A ballistomycete spore (D)
38 creatures vanquished.

Vanquished Creatures (others)
  A fungus (D)
1 creature vanquished.

Grand Total: 39 creatures vanquished

Notes
Turn   | Place    | Note
-------+----------+-------------------------------------------
     0 | D        | styxcanada the Spriggan Brigand began the quest for the
                  | Orb.
     0 | D        | Reached XP level 1. HP: 10/10 MP: 2/2
    19 | D        | Reached skill level 7 in Stealth
    19 | D        | Reached XP level 2. HP: 12/15 MP: 3/3
    76 | D        | Noticed an oklob sapling
    80 | D        | Killed an oklob sapling
    81 | D        | Reached skill level 9 in Stealth
    81 | D        | Reached XP level 3. HP: 18/18 MP: 4/4
   116 | D        | Noticed a scorpion
   116 | D        | Found the amulet of invisibility {+Inv}
   118 | D        | Killed a scorpion
   119 | D        | Reached skill level 12 in Stealth
   119 | D        | Reached XP level 4. HP: 23/23 MP: 5/5
   144 | D        | Found an opulent altar of Gozag.
   144 | D        | Found a hazy altar of Hepliaklqana.
   144 | D        | Found a burning altar of Makhleb.
   144 | D        | Found a sparkling altar of Nemelex Xobeh.
   144 | D        | Found a snail-covered altar of Cheibriados.
   144 | D        | Found a sacrificial altar of Ru.
   144 | D        | Found a shimmering blue altar of Sif Muna.
   144 | D        | Found a shimmering altar of Xom.
   144 | D        | Found a basalt altar of Yredelemnul.
   145 | D        | Found a viscous altar of Jiyva.
   145 | D        | Found a bloodstained altar of Trog.
   145 | D        | Found an ornate altar of the Wu Jian Council.
   146 | D        | Found an iron altar of Okawaru.
   146 | D        | Found a shadowy altar of Dithmenos.
   146 | D        | Found a glowing silver altar of Zin.
   147 | D        | Found an ancient bone altar of Kikubaaqudgha.
   147 | D        | Found a hide-covered altar of Uskayaw.
   148 | D        | Found a stormy altar of Qazlal.
   148 | D        | Found a white marble altar of Elyvilon.
   148 | D        | Found a glowing golden altar of the Shining One.
   149 | D        | Became a worshipper of Gozag Ym Sagoz the Greedy
   150 | D        | Found a corrupted altar of Lugonu.
   150 | D        | Found a radiant altar of Vehumet.
   154 | D        | Reached skill level 13 in Stealth
   154 | D        | Reached skill level 1 in Evocations
   154 | D        | Reached XP level 5. HP: 28/28 MP: 3/6
   269 | D        | Reached skill level 5 in Dodging
   269 | D        | Reached skill level 14 in Stealth
   272 | D        | Reached skill level 15 in Stealth
   272 | D        | Reached XP level 6. HP: 33/33 MP: 4/7
   328 | D        | Found Qaurrix's Antique Weapon Shop.
   328 | D        | Found Zeniunn's Assorted Antiques.
   334 | D        | Bought a knobbly ruby ring for 120 gold pieces
   334 | D        | Bought a scroll labelled OLICUBL HAFFEI for 24 gold pieces
   334 | D        | Bought a scroll labelled OLICUBL HAFFEI for 24 gold pieces
   334 | D        | Bought a scroll labelled ODGHOI WERIBBY for 24 gold pieces
   334 | D        | Bought a glowing blue potion for 21 gold pieces
   334 | D        | Bought a runed dagger for 120 gold pieces
   396 | D        | Noticed a burning bush
   396 | D        | Noticed a wandering mushroom
   397 | D        | Noticed a wandering mushroom
   400 | D        | Killed a burning bush
   401 | D        | Reached skill level 16 in Stealth
   401 | D        | Reached skill level 1 in Shields
   401 | D        | Reached skill level 5 in Evocations
   401 | D        | Killed a wandering mushroom
   402 | D        | Reached skill level 17 in Stealth
   402 | D        | Reached XP level 7. HP: 38/38 MP: 5/8
   402 | D        | Killed a wandering mushroom
   403 | D        | Reached skill level 18 in Stealth
   423 | D        | Found Momosen's Magic Scroll Emporium.
   423 | D        | Found Xurig's Distillery.
   430 | D        | Bought a potion of heal wounds for 55 gold pieces
   430 | D        | Bought a potion of heal wounds for 55 gold pieces
   432 | D        | Bought a scroll of identify for 20 gold pieces
   432 | D        | Bought a scroll of summoning for 95 gold pieces
   432 | D        | Bought a scroll of identify for 20 gold pieces
   486 | D        | Reached XP level 8. HP: 42/42 MP: 6/9
   492 | D        | Noticed a queen bee
   499 | D        | Killed a queen bee
   500 | D        | Reached skill level 5 in Fighting
   500 | D        | Reached skill level 19 in Stealth
   566 | D        | Noticed an oklob plant
   569 | D        | Killed an oklob plant
   570 | D        | Reached skill level 20 in Stealth
   582 | D        | Noticed a burning bush
   585 | D        | Killed a burning bush
   586 | D        | Reached XP level 9. HP: 48/48 MP: 8/10
   628 | D        | Noticed a burning bush
   628 | D        | Noticed an oklob plant
   629 | D        | Noticed a wandering mushroom
   630 | D        | Killed a burning bush
   631 | D        | Reached skill level 10 in Evocations
   635 | D        | Killed an oklob plant
   636 | D        | Reached skill level 21 in Stealth
   639 | D        | Killed a wandering mushroom
   698 | D        | Noticed a spriggan druid
   700 | D        | Killed a spriggan druid
   701 | D        | Reached skill level 22 in Stealth
   792 | D        | Noticed an oklob plant conjurer
   793 | D        | Killed an oklob plant conjurer
   864 | D        | Noticed an oklob plant
   864 | D        | Noticed an oklob plant summoner
   865 | D        | Noticed an oklob plant shifter
   869 | D        | Killed an oklob plant
   870 | D        | Reached skill level 10 in Dodging
   870 | D        | Reached skill level 23 in Stealth
   870 | D        | Reached XP level 10. HP: 53/53 MP: 8/11
   871 | D        | Killed an oklob plant summoner
   874 | D        | Killed an oklob plant shifter
   924 | D        | Reached skill level 5 in Short Blades
  1007 | D        | Noticed a spriggan rider
  1008 | D        | Found Sacriydu's Antique Armour Emporium.
  1019 | D        | Reached skill level 5 in Shields
  1020 | D        | Reached skill level 24 in Stealth
  1071 | D        | Found Baazximo's Distillery.
  1082 | D        | Got the Incunabulum of the Ageless Quests
  1086 | D        | Learned a level 2 spell: Poisonous Vapours
  1091 | D        | Bought a glowing robe for 59 gold pieces
  1103 | D        | Bought a potion of degeneration for 10 gold pieces
  1103 | D        | Bought 2 potions of curing for 60 gold pieces
  1103 | D        | Bought 2 potions of curing for 60 gold pieces
  1125 | D        | Noticed Agnes
  1127 | D        | Found Uphiurur's Weapon Emporium.
  1127 | D        | Noticed a spriggan berserker
  1132 | D        | Killed a spriggan berserker
  1133 | D        | Reached skill level 1 in Spellcasting
  1133 | D        | Reached skill level 1 in Poison Magic
  1136 | D        | Found Duimeah's General Store.
  1152 | D        | Killed Agnes
  1208 | D        | Noticed a spriggan defender
  1224 | D        | Demolished by a spriggan defender

Illustrated notes

Levels and vault maps discovered:
D:        dungeon_sprint_fedhas [sprint_temple]

Skill      XL: |  1  2  3  4  5  6  7  8  9 10 |
---------------+-------------------------------+-----
Dodging        | 2 3 4 5 7 8 10 11 | 11.0
Stealth        | 7 9 12 13 15 17 18 20 23 24 | 24.8
Fighting       | 2 3 4 5 6 7 |  7.5
Short Blades   | 3 4 5 |  5.3
Throwing       | 3 4 |  4.7
Evocations     | 1 3 6 7 9 12 13 | 13.9
Shields        | 2 3 4 5 |  5.5
Spellcasting   | 2 |  2.8
Poison Magic   | 2 |  2.3
Air Magic      | 2 |  2.1

Action                   |  1- 3 |  4- 6 |  7- 9 | 10-12 || total
-------------------------+-------+-------+-------+-------++-------
Melee: Dagger            |     4 |     7 |    18 |    22 ||    51
Throw: Dart              |     8 |       |       |     5 ||    13
 Abil: Evoke Invisibilit |       |     5 |     6 |     4 ||    15
Evoke: Condenser vane    |       |       |       |     2 ||     2
  Use: Potion            |     1 |       |       |     1 ||     2
       Scroll            |       |     3 |     1 |     1 ||     5
 Stab: Sleeping          |     2 |     7 |    18 |     4 ||    31
Dodge: Dodged            |     2 |       |       |    20 ||    22
Block: Buckler           |       |       |       |    12 ||    12
